 Dungeon Sprint DCSS version 0.30-a0-777-ga9a30cbeda (webtiles) character file.

Game seed: 1295894210304836915

1129 sircluck the Cleaver (level 8, 0/82 HPs)
             Began as a Hill Orc Fighter on Feb 13, 2023.
             Was a Believer of Beogh.
             Slain by a two-headed ogre
             ... wielding a +0 giant spiked club
              (6 damage)
             ... while petrified by a basilisk
             ... in the Dungeon (Sprint VII: "The Pits").
             The game lasted 00:05:14 (701 turns).

sircluck the Cleaver (Hill Orc Fighter)              Turns: 701, Time: 00:05:15

Health: 0/82       AC: 18    Str: 21    XL:     8   Next: 35%
Magic:  8/8        EV:  2    Int:  8    God:    Beogh [**....]
Gold:   0          SH:  0    Dex: 10    Spells: 7/7 levels left

rFire   . . .      SeeInvis .    w - +1 broad axe (heavy)
rCold   . . .      Faith    .    c - +0 buckler
rNeg    + + +      Spirit   .    p - +2 plate armour
rPois   ∞          Reflect  .    (no helmet)
rElec   .          Harm     .    (no cloak)
rCorr   .          Rampage  .    v - +0 pair of gloves
Will    .....      NoTele   +    (no boots) Stlth
                                 (no amulet)
HPRegen 0.33/turn                (no ring)
MPRegen 0.11/turn                (no ring)

@: petrified
A: no striking features
a: Renounce Religion, Smiting


You were in the Dungeon.
You worshipped Beogh.
Beogh was pleased with you.
You visited 1 branch

Inventory:

Hand Weapons
 a - a +0 war axe
 k - a +2 hand axe
 n - a +4 trident
 w - a +1 heavy broad axe (weapon)
Missiles
 o - 13 stones (quivered)
Armour
 b - a +0 scale mail
 c - a +0 buckler (worn)
 p - a +2 plate armour (worn)
 q - a +3 chain mail
 u - a +4 chain mail
 v - a +0 pair of gloves (worn)
 x - a +4 scale mail
Jewellery
 r - a +3 ring of evasion
 s - a +3 ring of dexterity
Scrolls
 j - a scroll of blinking
 m - 5 scrolls of amnesia
Potions
 d - a potion of might
 e - 6 potions of curing
 f - 7 potions of heal wounds
 g - a potion of haste
 h - 4 potions of magic
 i - 4 potions of berserk rage
 l - 2 potions of invisibility
 t - a potion of brilliance


   Skills:
 + Level 11.2 Fighting
 + Level 12.8 Axes
 + Level 10.6 Armour
 + Level 1.4 Dodging
 + Level 0.1 Stealth
 + Level 9.2 Shields


You had 7 spell levels left.
You didn't know any spells.
Your spell library was empty.

Dungeon Overview and Level Annotations

Branches:
Dungeon (1/1)

Altars:
Ashenzari
Cheibriados
Dithmenos
Elyvilon
Fedhas
Gozag
Hepliaklqana
Kikubaaqudgha
Makhleb
Nemelex Xobeh
Okawaru
Qazlal
Ru
Sif Muna
Trog
Uskayaw
Vehumet
Wu Jian
Xom
Yredelemnul
Zin
The Shining One
Beogh
Jiyva
Lugonu

Annotations:
D Psyche


Message History

The basilisk gazes at you. You resist with some effort.
The two-headed ogre hits you with a +0 giant spiked club!
The two-headed ogre barely misses you.
You barely miss the basilisk.
The basilisk is moderately wounded.
You barely miss the two-headed ogre. The basilisk gazes at you.
You are slowing down.
You block the two-headed ogre's attack.
The two-headed ogre hits you with a +0 giant club.
You barely miss the basilisk.
The basilisk is moderately wounded.
You hit the two-headed ogre but do no damage.
The basilisk bites you. The two-headed ogre barely misses you.
The two-headed ogre hits you with a +0 giant club!
The basilisk bites you! You block the basilisk's attack.
You have turned to stone.
The two-headed ogre hits you with a +0 giant spiked club!
The two-headed ogre hits you with a +0 giant club!
The basilisk bites you but does no damage.
The basilisk bites you but does no damage.
The two-headed ogre hits you but does no damage.
The two-headed ogre hits you with a +0 giant club!
* * * LOW HITPOINT WARNING * * *
The basilisk bites you!
* * * LOW HITPOINT WARNING * * *
The two-headed ogre hits you with a +0 giant spiked club.
The two-headed ogre hits you with a +0 giant club!
* * * LOW HITPOINT WARNING * * *
The basilisk gazes at you. You resist with some effort.
The two-headed ogre hits you but does no damage.
The two-headed ogre hits you with a +0 giant club!
* * * LOW HITPOINT WARNING * * *
The basilisk gazes at you. You resist with some effort.
The basilisk bites you but does no damage.
The two-headed ogre hits you with a +0 giant spiked club!
You die...

_________.# _________.#
_______...###########++######
#########'##................#
.?..')))'.##......#..#......#
#########.##................+
...........'................+
'#####)#####.....O#..#......#
.#..#.....##....@l..........#
.#))#####)#####'#####''######
.#))#.....##.......##+'#####
.#))#.....##.......##......#
.#..###'####.......##l.....#
.##'#.....##...<...###@O..## #
.#........##.......# ##''## #..
.#........##.......###.)†.## ..l.
'###########.......##......#....#


You could see a two-headed ogre and a basilisk.

Vanquished Creatures
  An orc sorcerer (D)
  A molten gargoyle (D)
  A rime drake (D)
  A fire bat (D)
  A centaur (D)
  3 wights (D)
  An adder (D)
  An adder zombie (D)
  An adder skeleton (D)
  An endoplasm (D)
  2 hobgoblins (D)
  3 ball pythons (D)
  2 bats (D)
  3 frilled lizards (D)
  2 kobolds (D)
  A rat (D)
25 creatures vanquished.

Vanquished Creatures (others)
  A water moccasin (D)
  An orc warrior (D)
  An orc priest (D)
  A white imp (D)
4 creatures vanquished.

Grand Total: 29 creatures vanquished

Notes
Turn   | Place    | Note
-------+----------+-------------------------------------------
     0 | D        | sircluck the Hill Orc Fighter began the quest for the Orb.
     0 | D        | Reached XP level 1. HP: 19/19 MP: 1/1
    73 | D        | Found a bloodstained altar of Trog.
    73 | D        | Found a shimmering blue altar of Sif Muna.
    73 | D        | Found a viscous altar of Jiyva.
    73 | D        | Found a hazy altar of Hepliaklqana.
    73 | D        | Found an opulent altar of Gozag.
    74 | D        | Found a glowing golden altar of the Shining One.
    74 | D        | Found a glowing silver altar of Zin.
    74 | D        | Found a basalt altar of Yredelemnul.
    74 | D        | Found a shimmering altar of Xom.
    74 | D        | Found an ornate altar of the Wu Jian Council.
    74 | D        | Found a sacrificial altar of Ru.
    74 | D        | Found a stormy altar of Qazlal.
    74 | D        | Found an iron altar of Okawaru.
    74 | D        | Found a sparkling altar of Nemelex Xobeh.
    74 | D        | Found a burning altar of Makhleb.
    74 | D        | Found a blossoming altar of Fedhas.
    74 | D        | Found a white marble altar of Elyvilon.
    74 | D        | Found a shadowy altar of Dithmenos.
    74 | D        | Found a snail-covered altar of Cheibriados.
    76 | D        | Found a radiant altar of Vehumet.
    76 | D        | Found a corrupted altar of Lugonu.
    76 | D        | Found a roughly hewn altar of Beogh.
    77 | D        | Found a hide-covered altar of Uskayaw.
    77 | D        | Found an ancient bone altar of Kikubaaqudgha.
    77 | D        | Found a broken altar of Ashenzari.
   103 | D        | Reached skill level 3 in Axes
   118 | D        | Reached XP level 2. HP: 17/28 MP: 2/2
   189 | D        | Reached skill level 5 in Fighting
   189 | D        | Reached skill level 4 in Axes
   189 | D        | Reached XP level 3. HP: 36/36 MP: 3/3
   192 | D        | Noticed a centaur
   204 | D        | Killed a centaur
   205 | D        | Reached skill level 6 in Axes
   205 | D        | Reached skill level 5 in Armour
   205 | D        | Reached skill level 5 in Shields
   205 | D        | Reached XP level 4. HP: 38/45 MP: 4/4
   212 | D        | Noticed a fire bat
   222 | D        | Killed a fire bat
   223 | D        | Reached skill level 8 in Axes
   223 | D        | Reached XP level 5. HP: 28/55 MP: 5/5
   223 | D        | Reached XP level 6. HP: 32/62 MP: 6/6
   224 | D        | Noticed an orc sorcerer
   226 | D        | Paralysed by an orc sorcerer for 3 turns
   238 | D        | Noticed a neqoxec
   239 | D        | Noticed an orange demon
   240 | D        | Killed an orc sorcerer
   241 | D        | Reached skill level 10 in Fighting
   241 | D        | Reached skill level 11 in Axes
   241 | D        | Reached skill level 1 in Dodging
   241 | D        | Reached XP level 7. HP: 28/72 MP: 7/7
   378 | D        | Became a worshipper of Beogh the Brigand
   389 | D        | Noticed a rime drake
   394 | D        | Reached * piety under Beogh
   397 | D        | HP: 3/70 [white imp (2)]
   402 | D        | HP: 3/71 [rime drake/icy flash freeze (15)]
   407 | D        | Killed a rime drake
   656 | D        | Noticed a molten gargoyle
   658 | D        | Reached ** piety under Beogh
   664 | D        | Killed a molten gargoyle
   665 | D        | Reached skill level 12 in Axes
   665 | D        | Reached skill level 10 in Armour
   665 | D        | Reached XP level 8. HP: 62/82 MP: 8/8
   671 | D        | Noticed Psyche
   671 | D        | Noticed a two-headed ogre
   701 | D        | Slain by a two-headed ogre

Illustrated notes

Levels and vault maps discovered:
D:        pitsprint [storerooms_1, entrance_room_1, metal_vault_2, armoury_1,
          mini_pit_1, grid_room_1, main_hall_1, silver_pit, the_coven_3,
          the_vestibule_1, steel_vault_3, golden_pit, hallway_of_sentries,
          crystal_vault_1, iron_vault_3, final_vault]

Skill      XL: |  1  2  3  4  5  6  7 |
---------------+----------------------+-----
Fighting       | 4 5 6 8 10 11 | 11.2
Axes           | 3 4 6 8 11 12 | 12.8
Armour         | 4 5 7 9 10 | 10.6
Shields        | 4 5 7 8 9 |  9.2
Dodging        | 1 |  1.4
Stealth        | |  0.1

Action                     |  1- 3 |  4- 6 |  7- 9 || total
---------------------------+-------+-------+-------++-------
  Melee: Hand axe          |    38 |     9 |    13 ||    60
         War axe           |     1 |       |       ||     1
         Broad axe         |       |       |     9 ||     9
 Invoke: Convert to Beogh  |       |       |     1 ||     1
    Use: Potion            |       |     1 |     5 ||     6
         Scroll            |       |     1 |       ||     1
 Armour: Scale mail        |     8 |       |       ||     8
         Plate armour      |    35 |     9 |    21 ||    65
  Dodge: Dodged            |    18 |     3 |     8 ||    29
  Block: Buckler           |    10 |     2 |    10 ||    22

Table legend: (Time is in decaauts)
 A = Elapsed time spent in this place.
 B = Non-inter-level travel time spent in this place.
 C = Inter-level travel time spent in this place.
 D = Time resting spent in this place.
 E = Time spent auto-exploring this place.
 F = Levels seen in this place.
 G = Mean time per level.
                   A        B        C        D        E       F      G
               +--------+--------+--------+--------+--------+-----+--------+
         Total |    709 |    672 |     37 |    265 |     62 |   1 |  709.0 |
       Dungeon |    709 |    672 |     37 |    265 |     62 |   1 |  709.0 |
               +--------+--------+--------+--------+--------+-----+--------+

Top non-repeatable levels by time:
       D: 709 daAuts
